 Dungeon Crawl Stone Soup version 0.32-a0-646-g91cf321817 (webtiles) character file.

Game seed: 5023861111811330904

649 smrtan the Slasher (level 7, 0/50 (55) HPs)
             Began as a Demonspawn Chaos Knight on Mar 8, 2024.
             Was a Plaything of Xom.
             Slain by a wight
             ... wielding a +3 falchion
              (2 damage)
             ... on level 4 of the Dungeon.
             The game lasted 00:37:19 (4894 turns).

smrtan the Slasher (Demonspawn Chaos Knight)        Turns: 4894, Time: 00:37:21

HP:   0/50 (55)     AC: 12    Str: 14    XL:     7   Next: 28%
MP:   7/7           EV:  7    Int: 12    God:    Xom [*.....]
Gold: 95            SH:  4    Dex: 13    Spells: 6/6 levels left

rFire   . . .        a - +3 falchion (chaos)
rCold   . . .        i - +0 buckler
rNeg    . . .        k - +0 chain mail
rPois   .            (helmet restricted)
rElec   .            (no cloak)
rCorr   +            (no gloves)
SInv    .            (no boots)
Will    .....        (no amulet) Stlth
                     h - ring of resist corrosion
HPRegen 0.28/turn    (no ring)
MPRegen 0.10/turn

%: no passive effects
@: drained
A: horns 2, molten scales 2, demonic guardian 1
a: Renounce Religion


You were on level 4 of the Dungeon.
You worshipped Xom.
You were a special plaything of Xom.
You visited 1 branch of the dungeon, and saw 4 of its levels.

You collected 95 gold pieces.

Inventory:

Hand Weapons
 a - a +3 falchion of chaos (weapon)
 j - a +2 mace
 l - a +2 dagger of draining
Missiles
 p - 7 poisoned darts (quivered)
Armour
 b - a +2 leather armour
 i - a +0 buckler (worn)
 k - a +0 chain mail (worn)
Jewellery
 h - a ring of resist corrosion (left hand)
Talismans
 m - a blade talisman
Wands
 c - a wand of digging (5)
 d - a wand of polymorph (12)
 g - a wand of charming (5)
 q - a wand of mindburst (6)
Scrolls
 f - a scroll of poison
 r - a scroll of identify
Potions
 e - a potion of haste


   Skills:
 + Level 4.4 Fighting
 + Level 5.1 Long Blades
 + Level 4.1 Armour
 + Level 1.5 Dodging
 + Level 1.0 Stealth
 + Level 1.9 Shields
 + Level 0.2 Evocations


You had 6 spell levels left.
You didn't know any spells.
Your spell library contained the following spells:

 Spells                   Type           Power      Damage    Failure   Level
 Cigotuvi's Dreadful Rot  Necr/Alch/Air  0%         N/A       100%        2
 Ignite Poison            Fire/Alch      0%         N/A       100%        4
 Freezing Cloud           Conj/Ice/Air   0%         6-21      100%        5


Dungeon Overview and Level Annotations

Branches:
Dungeon (4/15)
 Temple: D:4-7

Altars:
Hepliaklqana

Annotations:
D:1 Terence


Innate Abilities, Weirdness & Mutations

You have a pair of horns on your head.
You are mostly covered in molten scales. (AC +3)
A weak demonic guardian rushes to your aid.


Message History

Something completely misses your butterfly.
Found a pair of gloves. "Fight to survive, mortal."
You slash the shadow imp!
The shadow imp is severely wounded.
The ufetubus slips past you! The ufetubus barely misses you.
The ufetubus hits you but does no damage.
The shadow imp hits you but does no damage.
You hit the shadow imp.
The shadow imp is almost dead.
The ufetubus barely misses you.
The ufetubus hits you but does no damage.
The ufetubus barely misses you. You block the ufetubus's attack.
You block the quasit's attack. The quasit claws you.
The quasit claws you but does no damage.
The wight hits you with a +3 falchion!
* * * LOW HITPOINT WARNING * * *
A demonic guardian appears!
The ufetubus hits you but does no damage. x2
The ufetubus barely misses you. The ufetubus hits you.
* * * LOW HITPOINT WARNING * * *
The shadow imp completely misses you.
As you read the scroll labelled OMEAROTIRA, it crumbles to dust.
You hear a loud clanging noise!
It was a scroll of noise.
You hear a shout! x7; You hear a bark!
You hear a shout! x2; You hear a bark! x2
You hear an angry hiss.
You hear a shout!
The quasit bites you but does no damage.
The quasit barely misses you.
The quasit claws you but does no damage.
The ufetubus hits you but does no damage.
You block the ufetubus's attack. The ufetubus completely misses you.
The ufetubus hits you.
* * * LOW HITPOINT WARNING * * *
Your ufetubus closely misses the shadow imp.
Your ufetubus barely misses the shadow imp.
The wight hits you with a +3 falchion.
* * * LOW HITPOINT WARNING * * *
You feel drained.
You die...

....[).......
...............#...[....
...>........#..#........
........................
.......#.#.......b......
.........##.......b.....
............. .........
.#..........# ##55......
###....bb.bb###.@55...#
##/.)..bb...b.#z5####...
...###.5..b.....b#
##.##.bbb.bb##...b..#
..........b.###b.##....)
#.....#.....# ....# ....
#.#...#b.hw##.....# ...
..#....o.bb.>.....# ..
#.#.....o.b........ .


You could see a wight (ally target), a quasit (summoned), a shadow imp
(summoned, ally target), 2 ufetubi and a friendly ufetubus (summoned).

Vanquished Creatures
  The ghost of temujin the Cudgeller, an amateur OnWr (D:3)
  3 wights (D:4)
  A bombardier beetle (D:3)
  Natasha (twice) (D:2)
  5 gnolls
  A river rat (D:3)
  5 adders
  2 ribbon worms
  2 orcs (D:3)
  3 endoplasms
  A giant cockroach (D:3)
  6 goblins
  4 hobgoblins
  7 kobolds
  4 quokkas
  4 ball pythons
  7 bats
  2 frilled lizards
  6 rats
66 creatures vanquished.

Vanquished Creatures (collateral kills)
  A wight (D:4)
  An iguana (D:3)
  Natasha (D:2)
  4 gnolls
  2 orcs (D:3)
  A bat (D:2)
  A hobgoblin (D:3)
  A rat (D:3)
12 creatures vanquished.

Grand Total: 78 creatures vanquished

Notes
Turn   | Place    | Note
-------+----------+-------------------------------------------
     0 | D:1      | smrtan the Demonspawn Chaos Knight began the quest for the
                  | Orb.
     0 | D:1      | Reached XP level 1. HP: 18/18 MP: 1/1
   138 | D:1      | XOM: silly message
   192 | D:1      | XOM: silly message
   270 | D:1      | Gained mutation: You have a pair of small horns on your
                  | head. [demonic ancestry]
   270 | D:1      | Reached XP level 2. HP: 24/24 MP: 2/2
   278 | D:1      | XOM: silly message
   283 | D:1      | Found a faded altar of an unknown god.
   434 | D:1      | XOM: divination: detect items
   452 | D:1      | XOM: silly message
   457 | D:1      | Reached skill level 3 in Long Blades
   548 | D:1      | XOM: silly message
   639 | D:1      | XOM: divination: magic mapping
  1029 | D:1      | Reached skill level 1 in Dodging
  1057 | D:1      | Gained mutation: You have a pair of horns on your head.
                  | [demonic ancestry]
  1057 | D:1      | Reached XP level 3. HP: 28/29 MP: 3/3
  1092 | D:1      | XOM: silly message
  1293 | D:2      | Noticed Terence
  1293 | D:2      | Found a hazy altar of Hepliaklqana.
  1294 | D:2      | Identified a scroll of acquirement
  1294 | D:2      | Acquired the amulet of Voda {Spirit Rampage Regen+ SInv}
  1670 | D:2      | Noticed Natasha
  1670 | D:2      | XOM: 6-stop teleportation journey
  1678 | D:2      | Killed Natasha
  1679 | D:2      | Gained mutation: A weak demonic guardian rushes to your
                  | aid. [demonic ancestry]
  1679 | D:2      | Reached XP level 4. HP: 19/35 MP: 4/4
  2386 | D:2      | Noticed Natasha
  2423 | D:2      | Killed Natasha
  2555 | D:2      | Gained mutation: You are partially covered in molten
                  | scales. (AC +2) [demonic ancestry]
  2555 | D:2      | Reached XP level 5. HP: 37/42 MP: 5/5
  2739 | D:2      | Noticed Natasha
  2745 | D:2      | XOM: summons friendly ufetubus
  2748 | D:2      | Killed Natasha
  2749 | D:2      | Reached skill level 4 in Long Blades
  2866 | D:3      | XOM: fog
  2890 | D:3      | Reached skill level 1 in Shields
  2935 | D:3      | XOM: enchant monster (good)
  2936 | D:3      | XOM: smoke on damage
  2938 | D:3      | XOM: cast spell 'Summon Ice Beast'
  2973 | D:3      | Reached XP level 6. HP: 21/48 MP: 6/6
  3220 | D:3      | Noticed Sigmund
  3224 | D:3      | Sigmund changed into Sigmund the iguana
  3224 | D:3      | Noticed Sigmund
  3230 | D:3      | Killed Sigmund the iguana
  3278 | D:3      | Found a runed translucent door.
  3280 | D:3      | Noticed temujin's ghost (amateur OnWr)
  3309 | D:3      | Found a runed translucent door.
  3749 | D:3      | XOM: god gift: long bronze wand {god gift}
  4092 | D:3      | XOM: confuse monster(s)
  4108 | D:3      | Killed temujin's ghost
  4116 | D:3      | HP: 1/48 [river rat (2)]
  4330 | D:3      | XOM: silly message
  4673 | D:4      | Gained mutation: You are mostly covered in molten scales.
                  | (AC +3) [demonic ancestry]
  4673 | D:4      | Reached XP level 7. HP: 23/53 MP: 7/7
  4869 | D:4      | Reached skill level 5 in Long Blades
  4869 | D:4      | Reached skill level 1 in Stealth
  4870 | D:4      | XOM: 1-stop teleportation journey
  4891 | D:4      | XOM: summons 4 hostile demons
  4894 | D:4      | HP: 2/52 [wight/+3 falchion (5)]
  4894 | D:4      | Slain by a wight

Illustrated notes

Levels and vault maps discovered:
D:1:      dpeg_arrival_shrine, layout_basic, ebering_ecumenical_altar_petrified
D:2:      layout_rooms, basic_altar, serial_forest,
          infiniplex_forest_lined_room_2, infiniplex_forest_end_2,
          infiniplex_forest_lined_corner, infiniplex_forest_lined_room_,
          infiniplex_forest_clump_small, infiniplex_forest_lined_corner,
          infiniplex_forest_clump_curved, infiniplex_forest_lined_ring,
          infiniplex_forest_clump_tiny, uniq_natasha, uniq_terence,
          uniq_crazy_yiuf_cottage
D:3:      layout_basic, ebering_ghost_sewer_f, uniq_sigmund
D:4:      layout_cave_pools, minmay_temple_entry_statues_fountains

Skill      XL: |  1  2  3  4  5  6  7 |
---------------+----------------------+-----
Armour         | 2 3 4 |  4.1
Long Blades    | 3 4 5 |  5.1
Dodging        | 1 |  1.5
Fighting       | 4 |  4.4
Shields        | 1 |  1.9
Stealth        | 1 |  1.0
Evocations     | |  0.2

Action                     |  1- 3 |  4- 6 |  7- 9 || total
---------------------------+-------+-------+-------++-------
  Melee: Falchion          |   239 |   225 |    10 ||   474
         Headbutt          |    65 |    59 |     3 ||   127
         Unarmed           |       |     5 |       ||     5
  Evoke: Wand              |       |     2 |       ||     2
    Use: Scroll            |     3 |     7 |     5 ||    15
         Potion            |     2 |     5 |       ||     7
   Stab: Confused          |       |     1 |       ||     1
 Armour: Leather armour    |    49 |       |       ||    49
         Chain mail        |    61 |   139 |    24 ||   224
         Skin              |       |     8 |       ||     8
  Dodge: Dodged            |    57 |    59 |    13 ||   129
  Block: Buckler           |       |    40 |     6 ||    46

Table legend: (Time is in decaauts)
 A = Elapsed time spent in this place.
 B = Non-inter-level travel time spent in this place.
 C = Inter-level travel time spent in this place.
 D = Time resting spent in this place.
 E = Time spent auto-exploring this place.
 F = Levels seen in this place.
 G = Mean time per level.
                   A        B        C        D        E       F      G
               +--------+--------+--------+--------+--------+-----+--------+
         Total |   4961 |   4955 |      6 |   1184 |     20 |   4 | 1240.2 |
       Dungeon |   4961 |   4955 |      6 |   1184 |     20 |   4 | 1240.2 |
               +--------+--------+--------+--------+--------+-----+--------+

Top non-repeatable levels by time:
     D:3: 1802 daAuts
     D:2: 1581 daAuts
     D:1: 1329 daAuts
     D:4: 248 daAuts
